[Event "FIDE Women World Blitz 2021"]
[Site "Warsaw"]
[Date "2021.12.29"]
[Round "3.27"]
[White "Kazarian, Anna-Maja"]
[Black "Cyfka, Karina"]
[Result "0-1"]
[ECO "C89"]
[WhiteElo "2138"]
[BlackElo "2416"]
[Annotator "NA"]
[PlyCount "132"]
[EventDate "2021.12.29"]
[EventType "swiss"]
[EventCountry "POL"]
[Tiebreak "Cut1 Buchholz"]
[SourceTitle "playchess.com"]
[Source "ChessBase"]
[SourceQuality "1"]
[TimeControl "180+2"]

1. e4 e5 2. Nf3 Nc6 3. Bb5 a6 4. Ba4 Nf6 5. d3 b5 6. Bb3 Be7 7. O-O O-O 8. c3 d5 9. exd5 Nxd5 10. Re1 Bg4 11. h3 Bh5 12. a4 b4 13. g4 Bg6 14. Nxe5 Nxe5 15. Rxe5 c6 16. Bxd5 cxd5 17. Qf3 d4 18. Rd5 Qb6 19. Rxd4 bxc3 20. bxc3 Bf6 21. Rd5 Rfe8 22. Na3 Bxc3 23. Rb1 Qe6 24. Bf4 f5 25. Nc4 fxg4 26. hxg4 Bf7 27. Rd6 Qe2 28. Qxe2 Rxe2 29. Nb6 Rae8 30. Be3 Bg6 31. Nc4 Bf6 32. Rxa6 Bxd3 33. Rc1 Rc2 34. Rxc2 Bxc2 35. Nd6 Rd8 36. Rc6 Bxa4 37. Rc8 Rxc8 38. Nxc8 Bd7 39. Nb6 Bxg4 40. Nd5 Bd8 41. Kg2 Bd7 42. Kg3 Kf7 43. Nf4 Bc7 44. Kf3 Bc6+ 45. Ke2 g5 46. Nd3 Bb5 47. Bxg5 Kg6 48. Be3 Kf5 49. Kd2 Ba5+ 50. Kc2 Ke4 51. Nc5+ Kf3 52. Nb3 Ba4 53. Kb2 Bd8 54. Nd4+ Kg2 55. f4 Bf6 56. f5 h5 57. Ka3 Bd7 58. Kb4 h4 59. Kc4 h3 60. Bf4 Bh4 61. Ne2 Kf3 62.
Kd3 Bb5+ 63. Kd2 Bxe2 64. Bh2 Bc4 65. f6 Bxf6 66. Ke1 Kg2 0-1

[Event "FIDE Women World Blitz 2021"]
[Site "Warsaw"]
[Date "2021.12.29"]
[Round "3.28"]
[White "Serikbay, Assel"]
[Black "Muetsch, Annmarie"]
[Result "1-0"]
[ECO "A41"]
[WhiteElo "2237"]
[BlackElo "2279"]
[Annotator "NA"]
[PlyCount "103"]
[EventDate "2021.12.29"]
[EventType "swiss"]
[EventCountry "POL"]
[Tiebreak "Cut1 Buchholz"]
[SourceTitle "playchess.com"]
[Source "ChessBase"]
[SourceQuality "1"]
[TimeControl "180+2"]

1. d4 d6 2. c4 e5 3. dxe5 dxe5 4. Qxd8+ Kxd8 5. Nc3 Be6 6. b3 c6 7. Bb2 Nd7 8. O-O-O Kc7 9. Nf3 Ngf6 10. Ng5 Re8 11. e3 Ng4 12. Rd2 Bc5 13.
Nce4 Bb6 14. h3 Nh6 15. c5 Ba5 16. Rd1 f6 17. Nxe6+ Rxe6 18. Bc4 Re7 19. a3 f5 20. Nd6 Nxc5 21. b4 Bb6 22. g4 Ne4 23.
Nxe4 fxe4 24. a4 a5 25. bxa5 Bxa5 26. Ba3 Ree8 27. Rd6 Kb8 28. Rd7 Rd8 29. Rxg7 Rd2 30. Rd1 Rhd8 31. Rxd2 Bxd2+ 32. Kc2 Ba5 33. Rxh7 Ng8 34. Rh8 Nf6 35. Bd6+ Ka7 36. Rxd8 Bxd8 37. Bxe5 Nd7 38. Bd4+ c5 39. Bc3 Bh4 40. Be6 Nb6 41. a5 Na8 42. Bd5 Bxf2 43. Bxe4 Bxe3 44. Kd3 Bg5 45. Bd2 Bd8 46. g5 Nc7 47. h4 Ne6 48. Bd5 Ng7 49. Ke4 Ka6 50. Bf7 Bxa5 51. Bxa5 Kxa5 52. h5 1-0

[Event "FIDE Women World Blitz 2021"]
[Site "Warsaw"]
[Date "2021.12.29"]
[Round "3.29"]
[White "Pourkashiyan, Atousa"]
[Black "Kucharska, Honorata"]
[Result "1-0"]
[ECO "C08"]
[WhiteElo "2322"]
[BlackElo "2168"]
[Annotator "NA"]
[PlyCount "153"]
[EventDate "2021.12.29"]
[EventType "swiss"]
[EventCountry "POL"]
[Tiebreak "Cut1 Buchholz"]
[SourceTitle "playchess.com"]
[Source "ChessBase"]
[SourceQuality "1"]
[TimeControl "180+2"]

1. e4 e6 2. d4 d5 3. Nd2 c5 4. exd5 exd5 5. Ngf3 a6 6. dxc5 Bxc5 7. Bd3 Ne7 8. O-O Nbc6 9. Nb3 Bd6 10. c3 O-O 11. Qc2 Ng6 12. Bg5 Qc7 13.
h3 Be6 14. Rfe1 Rfe8 15. Rad1 Rac8 16. Qd2 h6 17. Be3 Nge5 18. Nbd4 Nxd3 19. Qxd3 Ne5 20. Nxe5 Bxe5 21. Nf3 Bf6 22. Bd4 Qf4 23. Bxf6 Qxf6 24. Nd4 Qg5 25. Re3 Bd7 26. Rg3 Qf6 27. Rf3 Qd6 28. Nf5 Bxf5 29. Rxf5 Qb6 30. Qd2 Rc7 31. Rxd5 Rce7 32. Rd8 Rxd8 33. Qxd8+ Qxd8 34. Rxd8+ Kh7 35. Kf1 Kg6 36.
Rd6+ f6 37. c4 Re4 38. b3 Re7 39. f3 Kf5 40. Rd5+ Kg6 41. Kf2 Kf7 42. Rd4 Kg6 43. Re4 Rd7 44. Ke2 Kf7 45. Re3 Rc7 46. Rd3 Re7+ 47. Kd2 Rc7 48. Rd5 Re7 49. c5 Rc7 50. b4 Ke6 51. Rd6+ Ke5 52. a3 h5 53. Ke3 g5 54. g4 h4 55. Rd8 Re7 56. a4 f5 57. gxf5 Kxf5+ 58. Kf2 Ke5 59. Rd2 Kf4 60. Rd4+ Kf5 61. b5 axb5 62. axb5 Rc7 63. Rd5+ Kf4 64. Rd4+ Kf5 65. Rc4 Ke5 66. c6 bxc6 67. Rxc6 Rb7 68. b6 Kf5 69. Ke3 Ke5 70. Kf2 Kf5 71. Rc5+ Kf6 72. Rb5 Kg6 73. Ke3 Kf6 74. Ke4 Kg6 75. Kd5 Rb8 76. Kc6 Kf6 77. b7 1-0

[Event "FIDE Women World Blitz 2021"]
[Site "Warsaw"]
[Date "2021.12.29"]
[Round "3.30"]
[White "Bartel, Marta"]
[Black "Padmini, Rout"]
[Result "0-1"]
[ECO "D91"]
[WhiteElo "2192"]
[BlackElo "2353"]
[Annotator "NA"]
[PlyCount "78"]
[EventDate "2021.12.29"]
[EventType "swiss"]
[EventCountry "POL"]
[Tiebreak "Cut1 Buchholz"]
[SourceTitle "playchess.com"]
[Source "ChessBase"]
[SourceQuality "1"]
[TimeControl "180+2"]

1. d4 Nf6 2. Nf3 g6 3. c4 Bg7 4. Nc3 d5 5. Bg5 Ne4 6. Bh4 Nxc3 7. bxc3 dxc4 8. e3 b5 9. a4 c6 10. Be2 Nd7 11. O-O a6 12. Qc2 O-O 13.
Rfb1 Nb6 14. Nd2 Bf5 15. e4 Bd7 16. f4 f5 17. e5 Nd5 18.
Bg3 Bh6 19. Rf1 Ne3 20. Qa2 Nxf1 21. Nxf1 Be6 22. Ne3 Rb8 23. Qa3 Qd7 24. Rd1 Bd5 25. h4 e6 26. Kf2 Rf7 27. h5 Bf8 28.
Qa2 Be7 29. hxg6 hxg6 30.
Rh1 Rh7 31. Rxh7 Kxh7 32.
axb5 axb5 33. Qa6 Qb7 34. Qa1 Kg7 35. Nc2 Ra8 36. Qb1 Qa7 37.
Nb4 Qa1 38. Qc2 Bxb4 39. cxb4 Ra2 0-1

[Event "FIDE Women World Blitz 2021"]
[Site "Warsaw"]
[Date "2021.12.29"]
[Round "3.31"]
[White "Hryzlova, Sofiia"]
[Black "Majdan, Joanna"]
[Result "1-0"]
[ECO "E90"]
[WhiteElo "2097"]
[BlackElo "2325"]
[Annotator "NA"]
[PlyCount "113"]
[EventDate "2021.12.29"]
[EventType "swiss"]
[EventCountry "POL"]
[Tiebreak "Cut1 Buchholz"]
[SourceTitle "playchess.com"]
[Source "ChessBase"]
[SourceQuality "1"]
[TimeControl "180+2"]

1. d4 Nf6 2. c4 d6 3. Nc3 Nbd7 4. e4 g6 5. Be3 Bg7 6. h3 c5 7. Nf3 O-O 8. Be2 cxd4 9. Nxd4 a6 10. O-O Qc7 11. Qc2 e6 12. Rac1 b6 13. b4 Bb7 14. Rfd1 Rac8 15. Nb3 Ne5 16. Nd2 Rfd8 17. Qb1 Ned7 18. f4 Qb8 19. Bf3 Qa8 20.
Qd3 Ne8 21. Na4 b5 22. Nb6 Nxb6 23. Bxb6 Rd7 24. cxb5 axb5 25. Qxb5 Bc6 26. Qa5 Qb7 27. b5 Bxb5 28. Rxc8 Qxc8 29. Qxb5 Rb7 30. Qa5 Bc3 31. Rc1 Bd4+ 32. Bxd4 Qxc1+ 33. Kh2 Rb8 34. Bf2 Rc8 35. Bg3 Nf6 36. Nb3 Qc4 37. e5 dxe5 38. Qxe5 Nd5 39. Bxd5 exd5 40. Bf2 Qc7 41. Qf6 Qc6 42. Qd4 Qd6 43. a4 Re8 44. Nc5 Re2 45. a5 g5 46. Bg3 Rc2 47.
Nd3 Rc4 48. Qa7 gxf4 49. Nxf4 Qf6 50. Nxd5 Qa1 51. a6 h5 52. Ne7+ Kf8 53. Qb8+ Kxe7 54. Qd6+ Ke8 55. Bh4 f6 56. Bxf6 Kf7 57. Bxa1 1-0

[Event "FIDE Women World Blitz 2021"]
[Site "Warsaw"]
[Date "2021.12.29"]
[Round "3.32"]
[White "Kulon, Klaudia"]
[Black "Goraj, Barbara"]
[Result "0-1"]
[ECO "A36"]
[WhiteElo "2328"]
[BlackElo "1902"]
[Annotator "NA"]
[PlyCount "60"]
[EventDate "2021.12.29"]
[EventType "swiss"]
[EventCountry "POL"]
[Tiebreak "Cut1 Buchholz"]
[SourceTitle "playchess.com"]
[Source "ChessBase"]
[SourceQuality "1"]
[TimeControl "180+2"]

1. c4 Nf6 2. g3 g6 3. Bg2 Bg7 4. Nc3 d6 5. e3 O-O 6. Nge2 c5 7. O-O Nc6 8. h3 a6 9. d3 Rb8 10. a4 Bd7 11. Rb1 Ne8 12. d4 Nc7 13. dxc5 dxc5 14. Ne4 b6 15.
b3 Nb4 16. Bb2 Bc6 17. Bxg7 Kxg7 18. Qc1 Qc8 19. Qc3+ Kg8 20. Rfd1 Qb7 21. f3 Ne6 22. Nd2 Rbd8 23. Nf4 Nxf4 24. exf4 Rd3 25. Qe5 Rfd8 26. Qe2 Qd7 27. Rb2 Qd4+ 28. Kh2 Qxb2 29. Qxe7 Rxd2 30. Rg1 Bxf3 0-1

[Event "FIDE Women World Blitz 2021"]
[Site "Warsaw"]
[Date "2021.12.29"]
[Round "3.33"]
[White "Dylag, Emilia"]
[Black "Mamedjarova, Turkan"]
[Result "1/2-1/2"]
[ECO "E17"]
[WhiteElo "1863"]
[BlackElo "2264"]
[Annotator "NA"]
[PlyCount "111"]
[EventDate "2021.12.29"]
[EventType "swiss"]
[EventCountry "POL"]
[Tiebreak "Cut1 Buchholz"]
[SourceTitle "playchess.com"]
[Source "ChessBase"]
[SourceQuality "1"]
[TimeControl "180+2"]

1. d4 Nf6 2. c4 e6 3. Nf3 b6 4. g3 Ba6 5. Qc2 Bb7 6. Bg2 c5 7. O-O cxd4 8.
Nxd4 Bxg2 9. Kxg2 Bc5 10. Nb3 Be7 11. Nc3 O-O 12. Nd4 Qc7 13.
b3 Nc6 14. Nf3 a6 15. Bb2 Rac8 16. Rad1 Rfd8 17. e4 Ng4 18. Qe2 Nge5 19. Nxe5 Nxe5 20. f4 Nc6 21. Qg4 Bf8 22. h4 Ne7 23. h5 f5 24. Qf3 fxe4 25. Nxe4 Nf5 26. Kh3 d5 27. Ng5 Qd7 28. g4 Nh6 29. Rfe1 Re8 30.
cxd5 exd5 31. Rxd5 Qc6 32. Rde5 Qxf3+ 33. Nxf3 Red8 34. g5 Nf7 35. R5e3 Nd6 36. Nd4 Nf7 37. Ne6 Rd2 38. Bc3 Rxa2 39. Bd4 Nd6 40. Bxb6 Nf5 41. Rd3 Rac2 42. Nxf8 Kxf8 43. Ba5 Kg8 44. Red1 Re2 45. Rd8+ Rxd8 46. Rxd8+ Kf7 47. Rd7+ Ke6 48. Ra7 Re3+ 49. Kg2 Rxb3 50. Rxa6+ Kd5 51. Be1 Ke4 52. Ra4+ Kd5 53. Ra5+ Ke4 54. Ra4+ Kd5 55. Ra5+ Ke4 56. Ra4+ 1/2-1/2

[Event "FIDE Women World Blitz 2021"]
[Site "Warsaw"]
[Date "2021.12.29"]
[Round "3.34"]
[White "Girya, Olga"]
[Black "Smietanska, Wiktoria"]
[Result "0-1"]
[ECO "E73"]
[WhiteElo "2402"]
[BlackElo "1765"]
[Annotator "NA"]
[PlyCount "71"]
[EventDate "2021.12.29"]
[EventType "swiss"]
[EventCountry "POL"]
[Tiebreak "Cut1 Buchholz"]
[SourceTitle "playchess.com"]
[Source "ChessBase"]
[SourceQuality "1"]
[TimeControl "180+2"]

1. d4 Nf6 2. c4 g6 3. Nc3 Bg7 4. e4 d6 5. Be2 O-O 6. Be3 c5 7. d5 e6 8. Nf3 exd5 9. cxd5 Re8 10. Nd2 Nbd7 11. O-O a6 12. a4 Rb8 13. Qc2 Qe7 14. Rfe1 Ne5 15.
h3 Qc7 16. f4 Ned7 17. a5 b5 18. axb6 Qxb6 19. Nc4 Qc7 20. Bd3 Nb6 21. Na5 Ra8 22. Bf2 Bd7 23. Nc4 Nxc4 24. Bxc4 Qb7 25. e5 dxe5 26. fxe5 Nh5 27. e6 fxe6 28. dxe6 Bc6 29. Bd5 Bxd5 30. Nxd5 Qxd5 31. Rad1 Qc6 32. e7 Bf6 33. Bxc5 Rac8 34. b4 a5 35. Rd6 Qc7 36. Qb3+ 0-1

[Event "FIDE Women World Blitz 2021"]
[Site "Warsaw"]
[Date "2021.12.29"]
[Round "3.35"]
[White "Jarocka, Liwia"]
[Black "Garifullina, Leya"]
[Result "1/2-1/2"]
[ECO "B52"]
[WhiteElo "1851"]
[BlackElo "2416"]
[Annotator "NA"]
[PlyCount "106"]
[EventDate "2021.12.29"]
[EventType "swiss"]
[EventCountry "POL"]
[Tiebreak "Cut1 Buchholz"]
[SourceTitle "playchess.com"]
[Source "ChessBase"]
[SourceQuality "1"]
[TimeControl "180+2"]

1. e4 c5 2. Nf3 d6 3. Bb5+ Bd7 4. Bxd7+ Qxd7 5. c4 Nf6 6. Nc3 g6 7. d4 cxd4 8. Nxd4 Bg7 9. O-O O-O 10. h3 Nc6 11. Be3 Rac8 12. b3 a6 13.
Rc1 Nxd4 14. Bxd4 b5 15. cxb5 axb5 16. Bxf6 Bxf6 17. Nd5 Rxc1 18. Nxf6+ exf6 19. Qxc1 Ra8 20. Qd2 Qa7 21. a4 bxa4 22. bxa4 Qxa4 23. Qxd6 Qxe4 24. Qxf6 h5 25. Rd1 Re8 26. Rd8 Rxd8 27. Qxd8+ Kg7 28. Qd2 Qf5 29. Qb2+ Kh7 30. Qd2 g5 31. Qe2 Kg6 32. Qa6+ Kg7 33. Qe2 h4 34. Qb2+ Kg6 35. Qb6+ f6 36. Qb8 Qe6 37. Qb1+ Kh6 38. Qd1 Kg7 39. Qd2 Kg6 40. Qd1 f5 41. Qd2 Qe5 42. Qd1 Qc5 43.
Qb1 Qd6 44. Qc2 Qe6 45. Qb1 Kh6 46. Qa1 Kg6 47. Qb1 Qe5 48.
Qb6+ Kh5 49. Qb1 g4 50. hxg4+ Kxg4 51. Qd1+ Kg5 52. Qd2+ f4 53. Qd8+ Kh5 1/2-1/2

[Event "FIDE Women World Blitz 2021"]
[Site "Warsaw"]
[Date "2021.12.29"]
[Round "3.36"]
[White "Dworakowska, Joanna"]
[Black "Katkov, Michelle"]
[Result "0-1"]
[ECO "C50"]
[WhiteElo "2228"]
[BlackElo "1651"]
[Annotator "NA"]
[PlyCount "171"]
[EventDate "2021.12.29"]
[EventType "swiss"]
[EventCountry "POL"]
[Tiebreak "Cut1 Buchholz"]
[SourceTitle "playchess.com"]
[Source "ChessBase"]
[SourceQuality "1"]
[TimeControl "180+2"]

1. e4 e5 2. Nf3 Nc6 3. Bc4 Bc5 4. d3 Nf6 5. a3 d6 6. Nbd2 O-O 7. h3 a5 8. Nf1 d5 9. exd5 Nxd5 10. Ng3 Be6 11. Ng5 h6 12. Nxe6 fxe6 13.
O-O Qh4 14. Qg4 Qxg4 15. hxg4 Rae8 16. Bd2 Nf4 17. Rae1 Bb6 18. Kh2 Kf7 19. Bb5 Ng6 20. Be3 Bxe3 21. Rxe3 Ke7 22. f3 Rd8 23. Bxc6 bxc6 24. Re4 Rd5 25. Rfe1 Rb8 26. b3 Rc5 27. R1e2 Rd5 28. Rc4 Kd7 29. Ne4 Nf4 30. Re1 Rdb5 31. Kg3 g5 32. Nc5+ Kd6 33. Ne4+ Kd7 34. Rh1 Rh8 35. Nxg5 Ne2+ 36. Kf2 Nd4 37. Ne4 a4 38. b4 Rbb8 39. Nc5+ Kd6 40. c3 Nb5 41. Nxa4 Nxa3 42. Re4 Nb5 43. c4 Nd4 44. b5 cxb5 45. cxb5 Rxb5 46. g5 Ra8 47. Nc3 Rb2+ 48. Kg3 hxg5 49. Rg4 Rc2 50. Ne4+ Kd5 51. Rxg5 Raa2 52. Kh3 Ne2 53. g3 Nd4 54. f4 Nf3 55. Rh5 Kd4 56. fxe5 Nxe5 57. Nf6 Nxd3 58. Rh4+ Ke5 59. Ng4+ Kd6 60. Ne3 Nf2+ 61. Kg2 Nxh1+ 62. Nxc2 Nxg3 63. Rc4 Nf5 64. Kh3 c5 65. Rc3 Nd4 66. Ne3 Ra4 67. Kg2 Rb4 68. Kf2 Rb3 69. Rc1 e5 70. Nc4+ Kd5 71. Ne3+ Kc6 72. Ng4 Rf3+ 73. Kg2 Rf5 74. Ne3 Rf4 75. Nc4 Kd5 76. Ne3+ Kd6 77. Ra1 e4 78. Nc4+ Kd5 79. Ne3+ Kc6 80. Ra6+ Kb5 81. Ra8 Rf3 82. Nd5 Kc4 83. Nb6+ Kd3 84. Nd5 Rf5 85. Ra3+ Kc2 86. Ne3+ 0-1

[Event "FIDE Women World Blitz 2021"]
[Site "Warsaw"]
[Date "2021.12.29"]
[Round "3.37"]
[White "Lach, Aleksandra"]
[Black "Da Silva, Cibele Florencio"]
[Result "1-0"]
[ECO "C54"]
[WhiteElo "2204"]
[BlackElo "1405"]
[Annotator "NA"]
[PlyCount "31"]
[EventDate "2021.12.29"]
[EventType "swiss"]
[EventCountry "POL"]
[Tiebreak "Cut1 Buchholz"]
[SourceTitle "playchess.com"]
[Source "ChessBase"]
[SourceQuality "1"]
[TimeControl "180+2"]

1. e4 e5 2. Nf3 Nc6 3. Bc4 h6 4. O-O Nf6 5. d3 Bc5 6. c3 d6 7. a4 a6 8. b4 Bb6 9. Nbd2 Bg4 10. Bb3 Nh5 11. h3 Bxf3 12. Qxf3 Nf4 13. Nc4 g5 14. Nxb6 cxb6 15. g3 Ng6 16. Qxf7# 1-0

[Event "FIDE Women World Blitz 2021"]
[Site "Warsaw"]
[Date "2021.12.29"]
[Round "3.38"]
[White "Zabrzanska, Weronika"]
[Black "Garcia Martin, Marta"]
[Result "0-1"]
[ECO "B00"]
[WhiteElo "1596"]
[BlackElo "2194"]
[Annotator "NA"]
[PlyCount "152"]
[EventDate "2021.12.29"]
[EventType "swiss"]
[EventCountry "POL"]
[Tiebreak "Cut1 Buchholz"]
[SourceTitle "playchess.com"]
[Source "ChessBase"]
[SourceQuality "1"]
[TimeControl "180+2"]

1. e4 b6 2. d4 Bb7 3. Bd3 e6 4. Nf3 c5 5. c3 Nf6 6. Nbd2 d5 7. e5 Nfd7 8. O-O Ba6 9. Bxa6 Nxa6 10. Re1 Be7 11. Nf1 O-O 12. Ng3 Rc8 13. h3 cxd4 14. cxd4 Nb4 15. Re2 b5 16. a3 Nc6 17. b4 a5 18. bxa5 Nxa5 19. Qd3 Qb6 20. Rb1 Rc4 21. Reb2 Qc6 22. Bd2 Ra4 23. Qxb5 Qxb5 24. Rxb5 Nc4 25. Bb4 Bxb4 26. axb4 Na3 27. Ra1 Rfa8 28. Rb7 Nf8 29. Ne2 Nc4 30. Rb1 h6 31. Nc3 Ra1 32. Rxa1 Rxa1+ 33. Kh2 Ng6 34. b5 Ra3 35. Rb8+ Kh7 36. Nb1 Rb3 37. Nbd2 Rb2 38. Nf1 Rxf2 39. Ng3 Nf4 40. Ne1 Rb2 41. Rb7 Kg6 42. h4 h5 43. Rb8 Ne3 44. Kh1 Nexg2 45. Nxg2 Rxg2 46. Nf1 Rb2 47. b6 Ne2 48. b7 Nxd4 49. Ne3 Nc6 50. Rc8 Rxb7 51. Rxc6 Rb4 52. Ng2 Re4 53. Rc3 Rxe5 54. Kh2 Re4 55. Kg3 e5 56. Rd3 d4 57. Kf3 Rg4 58. Rd1 f5 59. Kf2 f4 60. Re1 Kf5 61. Rf1 d3 62.
Rd1 e4 63. Kf1 Rg3 64. Ne1 Kg4 65. Ng2 g5 66. hxg5 Kxg5 67. Kf2 h4 68. Rh1 h3 69. Ne1 d2 70. Nc2 e3+ 71. Ke2 Kg4 72. Nd4 Rg2+ 73. Kd3 h2 74.
Ne2 Rxe2 75. Kxe2 Kg3 76. Rd1 Kg2 0-1

[Event "FIDE Women World Blitz 2021"]
[Site "Warsaw"]
[Date "2021.12.29"]
[Round "3.39"]
[White "Nurgali, Nazerke"]
[Black "Lagno, Kateryna"]
[Result "0-1"]
[ECO "D94"]
[WhiteElo "2267"]
[BlackElo "2550"]
[Annotator "ChessBase"]
[PlyCount "114"]
[EventDate "2021.12.29"]
[EventType "swiss"]
[EventCountry "POL"]
[Tiebreak "Cut1 Buchholz"]
[SourceTitle "playchess.com"]
[Source "ChessBase"]
[SourceQuality "1"]
[TimeControl "180+2"]

1. d4 Nf6 2. Nf3 g6 3. c4 Bg7 4. Nc3 d5 5. e3 O-O 6. cxd5 Nxd5 7. Bc4 Nb6 8. Bb3 c5 9. O-O Bg4 10. h3 cxd4 11. exd4 Bxf3 12. Qxf3 Nc6 13. d5 Nd4 14. Qd1 Nxb3 15. axb3 Qd7 16. Be3 Nc8 17. Bd4 e5 18. Bc5 Rd8 19. Qe2 b6 20. Be3 Nd6 21. Rfd1 Rac8 22. Qd3 f5 23. Bg5 Re8 24. h4 f4 25. h5 gxh5 26. Ne4 Nxe4 27. Qxe4 Bf8 28. Bf6 Bd6 29. Rd3 Rf8 30. Bh4 Rf7 31. Rh3 Kh8 32. Kh1 a5 33.
f3 Rg8 34. Bf2 Rfg7 35. Rh2 Qb5 36. Rg1 Rg5 37. Bh4 R5g6 38.
Bf2 Rh6 39. Qf5 Qe8 40. Bh4 Qg6 41. Qd7 Bc5 42. Rd1 Qd6 43.
Qf5 Bd4 44. Qe4 Bxb2 45. Rb1 Bd4 46. Rc1 Qd7 47. Rd1 Qg7 48.
Rd2 Rc8 49. Rd1 Rg6 50. d6 Rxd6 51. Qf5 Rg8 52. Qxh5 Rg6 53.
Rd2 Qc7 54. Rd1 h6 55. Rf1 Qc2 56. Be1 Kh7 57. Qf5 Qxf5 0-1

[Event "FIDE Women World Blitz 2021"]
[Site "Warsaw"]
[Date "2021.12.29"]
[Round "4.1"]
[White "Assaubayeva, Bibisara"]
[Black "Muzychuk, Anna"]
[Result "1-0"]
[ECO "A80"]
[WhiteElo "2400"]
[BlackElo "2533"]
[Annotator "ChessBase"]
[PlyCount "74"]
[EventDate "2021.12.29"]
[EventType "swiss"]
[EventCountry "POL"]
[Tiebreak "Cut1 Buchholz"]
[SourceTitle "playchess.com"]
[Source "ChessBase"]
[SourceQuality "1"]
[TimeControl "180+2"]

1. d4 f5 2. Nc3 Nf6 3. Bg5 d5 4. Bxf6 exf6 5. e3 Be6 6. a3 c6 7. Bd3 Bd6 8. Qf3 g6 9. Nge2 Qc7 10. g4 Bf7 11. gxf5 g5 12. h4 Nd7 13.
O-O-O h5 14. e4 g4 15. Qe3 O-O-O 16. f3 g3 17. f4 dxe4 18. Nxe4 Bf8 19. N2xg3 Bh6 20. Ng5 fxg5 21. hxg5 Bf8 22. f6 Bd6 23. Rh4 Rde8 24. Qf2 Qa5 25. g6 Bxa3 26. gxf7 Bxb2+ 27. Kxb2 Qb4+ 28. Kc1 Re6 29. Rxh5 Rf8 30. Bf5 Qa3+ 31. Kd2 Qb4+ 32. c3 Qb2+ 33. Bc2 Nxf6 34. Rb1 Qa2 35. Re5 Ng4 36. Rxe6 Qxe6 37. Qe2 Qxe2+ 1-0

[Event "FIDE Women World Blitz 2021"]
[Site "Warsaw"]
[Date "2021.12.29"]
[Round "4.1"]
[White "Kucharska, Honorata"]
[Black "Strutinskaia, Galina"]
[Result "1-0"]
[ECO "D05"]
[WhiteElo "2168"]
[BlackElo "2188"]
[Annotator "NA"]
[PlyCount "141"]
[EventDate "2021.12.29"]
[EventType "swiss"]
[EventCountry "POL"]
[Tiebreak "Cut1 Buchholz"]
[SourceTitle "playchess.com"]
[Source "ChessBase"]
[SourceQuality "1"]
[TimeControl "180+2"]

1. d4 Nf6 2. Nf3 e6 3. e3 c5 4. Bd3 b6 5. O-O Bb7 6. b3 d5 7. Bb2 Nc6 8. a3 Be7 9. Nbd2 O-O 10. Qe2 cxd4 11. exd4 Rc8 12. Ne5 g6 13. Rac1 Nxe5 14. dxe5 Nd7 15. Nf3 Nc5 16. Rfd1 Nxd3 17. Qxd3 Rc5 18. Nd4 Qc8 19. Qe3 Qc7 20. Re1 Rc8 21. Qh6 Bf8 22. Qh4 Qd8 23. Qf4 Ba6 24. Re3 h6 25. h4 Bg7 26. Rf3 Qc7 27. a4 h5 28.
Re1 Rf8 29. Ba3 Rb8 30. Bxc5 bxc5 31. Nb5 Bxb5 32. axb5 Rxb5 33. Qa4 Rb8 34. Rfe3 Bh6 35. R3e2 Rb4 36. Qe8+ Kg7 37. g3 c4 38. bxc4 Rxc4 39. Rb1 Qc8 40. Qxc8 Rc5 41. Qc7 Rxc7 42. Rb5 Rc8 43. Rb7 a5 44.
Ra7 Rc5 45. Kg2 Bc1 46. Re1 Bb2 47. Rb1 Rxc2 48. Rxa5 Bd4 49. Rf1 Bxe5 50. Rb5 Kf6 51. Rb7 Bd4 52. Rd7 Rb2 53. Kg1 Rb3 54.
Kg2 Kg7 55. Rd1 Bb6 56. Rd2 d4 57. Rd6 e5 58. Rd5 Kf6 59.
f3 Re3 60. Rd6+ Kf5 61. Rxb6 f6 62. Rd6 Rc3 63. Rf2 g5 64.
hxg5 fxg5 65. Rd5 h4 66. gxh4 gxh4 67. Re2 h3+ 68. Kxh3 Rxf3+ 69. Kg2 Re3 70. Rxe3 dxe3 71. Kf3 1-0

[Event "FIDE Women World Blitz 2021"]
[Site "Warsaw"]
[Date "2021.12.29"]
[Round "4.2"]
[White "Buksa, Nataliya"]
[Black "Gunina, Valentina"]
[Result "0-1"]
[ECO "D00"]
[WhiteElo "2199"]
[BlackElo "2480"]
[Annotator "ChessBase"]
[PlyCount "80"]
[EventDate "2021.12.29"]
[EventType "swiss"]
[EventCountry "POL"]
[Tiebreak "Cut1 Buchholz"]
[SourceTitle "playchess.com"]
[Source "ChessBase"]
[SourceQuality "1"]
[TimeControl "180+2"]

1. d4 d5 2. Nc3 Nf6 3. Bf4 e6 4. Nb5 Na6 5. e3 Be7 6. Nf3 O-O 7. Bd3 c6 8. Nc3 c5 9. O-O c4 10. Be2 Bd6 11. Ne5 Nb4 12. Bg3 Nc6 13.
f4 Bb4 14. Nb1 Ne4 15. c3 Bd6 16. Nd2 Nxg3 17. hxg3 Ne7 18. g4 b5 19. a3 Bb7 20. Qe1 a5 21. Bd1 f6 22. Nef3 b4 23. Qh4 h6 24. Bc2 bxa3 25.
bxa3 Bc6 26. g5 fxg5 27. fxg5 Nf5 28. Bxf5 Rxf5 29. g4 hxg5 30. Qh5 Be8 31. Qh3 Rf6 32. e4 Bf4 33. Rab1 Rh6 34. Qg2 Bg6 35. Rb6 Qxb6 36. exd5 exd5 37. Ne5 Rd8 38. Ndf3 Be4 39. Qe2 Bxe5 40. Nxe5 Rh1+ 0-1

[Event "FIDE Women World Blitz 2021"]
[Site "Warsaw"]
[Date "2021.12.29"]
[Round "4.2"]
[White "Da Silva, Cibele Florencio"]
[Black "Maisuradze, Nino"]
[Result "0-1"]
[ECO "B30"]
[WhiteElo "1405"]
[BlackElo "2175"]
[Annotator "NA"]
[PlyCount "54"]
[EventDate "2021.12.29"]
[EventType "swiss"]
[EventCountry "POL"]
[Tiebreak "Cut1 Buchholz"]
[SourceTitle "playchess.com"]
[Source "ChessBase"]
[SourceQuality "1"]
[TimeControl "180+2"]

1. e4 c5 2. Nc3 Nc6 3. Nf3 a6 4. Bc4 b5 5. Bd5 e6 6. Bxc6 dxc6 7. d3 Nf6 8. Bg5 h6 9. Bxf6 Qxf6 10. Rb1 Bd7 11. e5 Qg6 12. g3 Be7 13.
Ne4 O-O 14. O-O c4 15. Nc3 cxd3 16. Qxd3 Qxd3 17. cxd3 c5 18. Rbd1 Bc6 19. Nd2 Rfd8 20. Nde4 b4 21. Nb1 c4 22. Ned2 cxd3 23. Nc4 Bf3 24. Rc1 Rac8 25. Ncd2 Be2 26. Rfe1 Rc2 27. Rxc2 dxc2 0-1

[Event "FIDE Women World Blitz 2021"]
[Site "Warsaw"]
[Date "2021.12.29"]
[Round "4.3"]
[White "Goryachkina, Aleksandra"]
[Black "Osmak, Yuliia"]
[Result "1-0"]
[ECO "E48"]
[WhiteElo "2604"]
[BlackElo "2198"]
[Annotator "ChessBase"]
[PlyCount "141"]
[EventDate "2021.12.29"]
[EventType "swiss"]
[EventCountry "POL"]
[Tiebreak "Cut1 Buchholz"]
[SourceTitle "playchess.com"]
[Source "ChessBase"]
[SourceQuality "1"]
[TimeControl "180+2"]

1. d4 Nf6 2. c4 e6 3. Nc3 Bb4 4. e3 O-O 5. Bd3 c5 6. Nge2 cxd4 7. exd4 d5 8.
cxd5 Nxd5 9. O-O Nc6 10. Nxd5 exd5 11. Nf4 g6 12. Be3 Be7 13. Qf3 Nb4 14. Bb1 Bf6 15. a3 Nc6 16. Rd1 Be6 17. Ba2 Ne7 18.
Rac1 Bg7 19. Rc5 b6 20. Rc3 Qd7 21. h3 Rac8 22. Rdc1 Rxc3 23. Rxc3 Nf5 24. Bxd5 Bxd5 25. Qxd5 Qxd5 26. Nxd5 Bxd4 27. Bxd4 Nxd4 28. Rc7 Ra8 29. Nf6+ Kg7 30. Ne4 Ne6 31. Rd7 Nf8 32. Re7 Ne6 33. Nd6 Nd8 34. Rd7 a5 35. Ne8+ Kf8 36. Nc7 Rb8 37. Nb5 Ne6 38. Nd6 Rd8 39. Rxd8+ Nxd8 40. Kf1 Ne6 41. Nc4 b5 42. Nxa5 Nc5 43. Ke2 Ke7 44. Ke3 Kd6 45. b4 Na4 46. Nb3 Nb6 47. Nd2 Kd5 48.
Kd3 f5 49. Nb1 Nc4 50. Nc3+ Kc6 51. Nb1 Kd5 52. Kc3 Nb6 53. Kb3 Kd4 54. Nc3 Kd3 55. Nxb5 Ke2 56. a4 Kxf2 57. a5 Na8 58. Nd4 Kxg2 59. b5 Nc7 60. b6 Na6 61. Kc4 f4 62. Kb5 Nb8 63. a6 Nxa6 64. Kxa6 f3 65.
Nxf3 Kxf3 66. b7 Kg3 67. b8=Q+ Kxh3 68. Qh8 h5 69. Qh6 h4 70. Qg5 Kh2 71. Qxh4+ 1-0